 Dungeon Crawl Stone Soup version 0.29-a0-234-g0dae59b3db (webtiles) character file.

Game seed: 14743609979848328881

29 spaghetti the Skirmisher (level 3, -4/30 HPs)
             Began as a Mummy Delver on Mar 3, 2022.
             Slain by a hound (5 damage)
             ... on level 5 of the Dungeon.
             The game lasted 00:00:16 (20 turns).

spaghetti the Skirmisher (Mummy Delver)               Turns: 20, Time: 00:00:16

Health: -4/30      AC:  3    Str: 17    XL:     3   Next: 1%
Magic:  3/3        EV: 11    Int:  9    God:
Gold:   0          SH:  0    Dex: 13    Spells: 2/2 levels left

rFire   x . .      SeeInvis .   a - +0 falchion {long}
rCold   + . .      Faith    .   (no shield)
rNeg    + + +      Spirit   .   b - +0 leather armour
rPois   ∞          Reflect  .   (no helmet)
rElec   .          Harm     .   (no cloak)
rCorr   .          Rampage  .   (no gloves)
Will    .....                   (no boots)
Stlth   ++........              (no amulet)
HPRegen 0.10/turn               (no ring)
MPRegen 0.08/turn               (no ring)

@: no status effects
A: cold resistance 1, negative energy resistance 3, torment resistance 2, heat
vulnerability 1, in touch with death 1, no potions
a: no special abilities


You were on level 5 of the Dungeon.
You visited 1 branch of the dungeon, and saw 2 of its levels.


Innate Abilities, Weirdness & Mutations

You are immune to poison.
Your flesh is cold resistant. (rC+)
You are immune to negative energy. (rN+++)
You are immune to unholy pain and torment.
You are vulnerable to heat. (rF-)
You are in touch with the powers of death.
You do not drink.


   Skills:
 + Level 4.2 Fighting
 - Level 1.5 Long Blades
 - Level 1.5 Dodging
 - Level 4.1 Stealth


You had 2 spell levels left.
You didn't know any spells.
Your spell library was empty.

Inventory:

Hand Weapons
 a - a +0 falchion (weapon) {long}
Armour
 b - a +0 leather armour (worn)
Wands
 f - a wand of digging (3)
Scrolls
 c - a scroll of fog
 d - a scroll of magic mapping {!r}
 e - a scroll of fear

Dungeon Overview and Level Annotations

Branches:
Dungeon (6/15)
 Temple: D:4-7

Altars:

####
.....####
#....# #@#
#....h......
####.....###
####.....
.#### #


You could see a hound.


Message History

🤖 Initializing magus.rc ...
Options error: Delay interrupt name "hungry" not recognised. (~/.crawlrc:4761) Options error: Bad monster_list_colour key: strict_neutral (~/.crawlrc:4776) ✅ Successfully initialized magus.rc [v1.9.6] Welcome, spaghetti the Mummy Delver.
They say the Orb of Zot lies within this dungeon, but they say a lot of things.
Press ? for a list of commands and other information.
Found a stone staircase leading down.
You climb downwards.
There is a stone staircase leading up here.
A hound comes into view.
The hound barks!
A hound is nearby!
You are now empty-handed.
a - a +0 falchion (weapon)
{long} You hit the hound.
The hound closely misses you. x2
You hit the hound. The hound bites you.
A hound comes into view.
The hound bites you.
* * * LOW HITPOINT WARNING * * *
😨 HP[-9]
You take 9 damage, and now have 9/18 hp.
MASSIVE DAMAGE!! (PAUSE)
The hound barks!
You hit the hound. The hound barely misses you.
The hound bites you but does no damage.
You hit the hound.
The hound pauses to sniff the ground.
The hound bites you.
* * * LOW HITPOINT WARNING * * *
An orc comes into view. It is wielding a +0 mace. 😨 HP[-2]
You take 2 damage, and now have 7/18 hp.
You hit the hound.
You kill the hound!
Your Fighting skill increases to level 4!
You have reached level 2!
You have reached level 3!
Your experience leads to an increase in your attributes!
Increase (S)trength, (I)ntelligence, or (D)exterity?
You feel stronger. x2
You feel more in touch with the powers of death. 😨 HP[+5] MP[+2]
You now have 30 max hp (+12).
You regained 5 hp, and now have 12/30 hp.
Your mp is fully restored (3).
You miss the hound. The hound bites you.
* * * LOW HITPOINT WARNING * * *
An orc comes into view. It is wielding a +0 flail.
The hound bites you but does no damage. 😨 HP[-3]
You take 3 damage, and now have 9/30 hp.
Unknown command.
You barely miss the hound. The hound bites you.
* * * LOW HITPOINT WARNING * * *
😨 HP[-1]
You take 1 damage, and now have 8/30 hp.
The orc shouts!
You hit the hound. The hound barely misses you. The hound bites you.
* * * LOW HITPOINT WARNING * * *
An orc priest comes into view. It is wielding a +0 dagger. 😱 HP[-3]
You take 3 damage, and now have 5/30 hp.
The orc priest shouts!
You hit the hound.
You hear a shout!
The hound bites you.
* * * LOW HITPOINT WARNING * * *
The hound bites you but does no damage.
An orc wizard comes into view. It is wielding a +0 dagger. 😱 HP[-4]
You take 4 damage, and now have 1/30 hp.
The orc priest looks satisfied for a moment.
The hound closely misses you.
There is a stone staircase leading up here.
The hound closely misses you. The hound barely misses you.
You climb upwards.
There is a stone staircase leading down here.
Unknown command.
Unknown command.
You closely miss the hound. The hound bites you but does no damage.
The hound bites you.
You die...

Skill      XL: |  1 |
---------------+----+-----
Fighting       | 4 |  4.2
Long Blades    | |  1.5
Dodging        | |  1.5
Stealth        | |  4.1

Action                   || total
-------------------------++-------
Melee: Falchion          ||    10
Armor: Leather armour    ||     4
Dodge: Dodged            ||     7

Levels and vault maps discovered:
D:5:      layout_rooms
D:6:      layout_rooms, gammafunk_temple_overflow_wave, minmay_chambers_of_fives

Notes
Turn   | Place    | Note
-------+----------+-------------------------------------------
     0 | D:5      | spaghetti the Mummy Delver began the quest for the Orb.
     0 | D:5      | Reached XP level 1. HP: 18/18 MP: 1/1
     0 | D:5      | magus.rc [v1.9.6]
     3 | D:6      | Noticed a hound
     8 | D:6      | Noticed a hound
    11 | D:6      | Killed a hound
    12 | D:6      | Reached skill level 4 in Fighting
    12 | D:6      | Reached XP level 2. HP: 10/25 MP: 2/2
    12 | D:6      | Gained mutation: You are in touch with the powers of death.
                  | [Mummy growth]
    12 | D:6      | Reached XP level 3. HP: 12/30 MP: 3/3
    14 | D:6      | HP: 5/30 [hound (3)]
    15 | D:6      | HP: 1/30 [hound (4)]
    20 | D:5      | Slain by a hound

Vanquished Creatures
  A hound (D:6)
1 creature vanquished.

Table legend:
 A = Non-vault XP
 B = Vault XP
 C = Vault XP percentage of total XP
 D = Non-vault monster count
 E = Vault monster count
 F = Vault count percentage of total count
                 A         B        C        D         E       F
            +---------+---------+-------+---------+---------+-------
      Total |      42 |       0 |   0.0 |       1 |       0 |   0.0
            +---------+---------+-------+---------+---------+-------
        D:6 |      42 |       0 |   0.0 |       1 |       0 |   0.0
            +---------+---------+-------+---------+---------+-------

Illustrated notes

Table legend:
 A = Kills in this place as a percentage of kills in entire the game.
 B = Kills by you in this place as a percentage of kills by you in the entire game.
 C = Kills by friends in this place as a percentage of kills by friends in the entire game.
 D = Other kills in this place as a percentage of other kills in the entire game.
 E = Experience gained in this place as a percentage of experience gained in the entire game.
 F = Experience gained in this place divided by the number of levels of this place that you have seen.
                   A       B       C       D       E      F
               +-------+-------+-------+-------+-------+----------------------
         Total | 100.0 | 100.0 |   N/A |   N/A | 100.0 |  21.0
       Dungeon | 100.0 | 100.0 |   N/A |   N/A | 100.0 |  21.0
               +-------+-------+-------+-------+-------+----------------------

Table legend: (Time is in decaauts)
 A = Elapsed time spent in this place.
 B = Non-inter-level travel time spent in this place.
 C = Inter-level travel time spent in this place.
 D = Time resting spent in this place.
 E = Time spent auto-exploring this place.
 F = Levels seen in this place.
 G = Mean time per level.
                   A        B        C        D        E       F      G
               +--------+--------+--------+--------+--------+-----+--------+
         Total |     21 |     21 |      0 |      0 |      1 |   2 |   10.5 |
       Dungeon |     21 |     21 |      0 |      0 |      1 |   2 |   10.5 |
               +--------+--------+--------+--------+--------+-----+--------+

Top non-repeatable levels by time:
     D:6: 18 daAuts
     D:5: 2 daAuts
